Map: New Repugnancy LE

Players

Andacht - Winner!

  • Race: Terran Terran
  • League: Diamond
  • Spawn Location: 7:00

PLUSULTRA

  • Race: Zerg Zerg
  • League: Diamond
  • Spawn Location: 1:00

VOD

Have the link to the VOD?

Description

D3ish tvz

Time

  • Played on: Feb. 16, 2019, 5:32 p.m.
  • Length: 27:38
Show
View Real Time Build Order
Export as new Build Order

Andacht Terran - Winner!

Build Orders: Gas First Reaper Expand, Hellion Banshee 

Get SALT Encoding   

  12  0:00  SCV  
  13  0:12  SCV  
  14  0:17  Supply Depot  
  14  0:24  SCV  
  15  0:29  Refinery  
  15  0:39  SCV  
  16  0:45  Barracks  
  16  0:54  SCV  
  17  1:06  SCV  
  18  1:31  Orbital Command  
  18  1:32  Reaper  
  19  1:45  Command Center  
  19  1:57  SCV  
  19  2:01  Factory  
  20  2:10  Barracks Reactor  
  20  2:12  SCV  
  21  2:18  Supply Depot  
  21  2:25  SCV  
  21  2:29  Refinery  
  22  2:37  SCV  
  23  2:52  SCV  
  23  2:55  Hellion x2, Barracks Tech Lab, Starport  
  28  3:04  Orbital Command  
  28  3:08  SCV  
  29  3:15  Marine  
  29  3:18  Hellion  
  31  3:24  Hellion  
  33  3:29  SCV  
  33  3:31  SCV  
  35  3:37  Supply Depot  
  35  3:42  SCV  
  35  3:47  Viking  
  38  3:50  SCV, Barracks Tech Lab  
  41  3:55  Hellion  
  41  3:56  Cloaking Field  
  41  4:08  Hellion  
  44  4:10  SCV  
  44  4:16  SCV  
  44  4:17  Hellion  
  47  4:19  Banshee  
  47  4:21  Supply Depot  
  47  4:22  SCV  
  51  4:29  SCV  
  46  4:40  SCV  
  46  4:42  SCV  
  46  4:43  Hellion x2  
  46  4:52  SCV  
  46  4:55  Stimpack, Supply Depot  
  47  5:01  SCV  
  47  5:05  Banshee  
  47  5:06  SCV  
  52  5:13  SCV  
  53  5:16  Supply Depot  
  54  5:23  Hellion  
  55  5:30  SCV  
  55  5:31  SCV  
  55  5:34  Hellion  
  55  5:35  Command Center  
  59  5:40  Marine  
  59  5:42  SCV  
  61  5:43  SCV  
  62  5:51  Hellion  
  62  5:52  Barracks  
  66  5:57  Hellion  
  66  6:01  Barracks, SCV  
  66  6:02  Barracks  
  67  6:09  SCV  
  67  6:10  Engineering Bay  
  68  6:13  SCV  
  66  6:21  SCV  
  63  6:35  Widow Mine x2, Medivac  
  63  6:36  SCV  
  63  6:38  Refinery  
  63  6:39  Barracks Reactor  
  72  6:45  Terran Infantry Weapons Level 1, Refinery  
  72  6:47  Engineering Bay  
  72  6:48  Supply Depot x2  
  72  6:52  Marine  
  72  6:54  Barracks Reactor  
  72  7:00  SCV  
  72  7:08  Factory Tech Lab  
  70  7:12  Barracks Reactor  
  71  7:15  SCV  
  71  7:18  Missile Turret  
  71  7:19  Missile Turret  
  71  7:20  SCV  
  72  7:26  Marine  
  72  7:27  Marine x2, SCV  
  72  7:28  Siege Tank  
  79  7:32  SCV  
  80  7:40  SCV  
  80  7:41  Marine x2  
  83  7:44  Viking, Marine x2, SCV  
  83  7:45  Viking, Marine  
  91  7:52  SCV  
  91  7:55  Marine x2  
  91  7:57  SCV  
  87  7:59  Marine x2  
  87  8:01  Siege Tank  
  87  8:02  Marine x3  
  93  8:07  Combat Shield, SCV  
  93  8:12  Terran Infantry Armor Level 1, SCV  
  96  8:13  Barracks, Marine x2  
  96  8:14  Orbital Command  
  96  8:16  Medivac  
  96  8:19  SCV  
  100  8:20  Marine x3  
  100  8:23  Marine x2  
  105  8:31  Marine x2  
  105  8:32  SCV x2  
  109  8:36  Supply Depot  
  109  8:37  Marine  
  109  8:39  Marine x2  
  109  8:40  Marine  
  113  8:42  SCV  
  113  8:44  SCV  
  115  8:50  Marine x2  
  115  8:54  Armory  
  117  8:58  Marine x2  
  117  9:08  Marine x3  
  117  9:09  Marine x2  
  109  9:16  Marine x2, Medivac x2  
  107  9:22  Siege Tank  
  110  9:25  SCV  
  110  9:26  Marine x2  
  110  9:27  Barracks x2  
  110  9:28  SCV  
  110  9:29  Refinery  
  104  9:56  Marine  
  104  9:57  Marine x6  
  111  10:02  Siege Tank  
  111  10:04  Concussive Shells  
  111  10:06  SCV x2  
  116  10:14  Marine  
  116  10:15  Marine, Marauder  
  116  10:16  Medivac x2  
  124  10:22  Command Center  
  124  10:24  Marine  
  125  10:29  Barracks Tech Lab  
  125  10:30  Marine x4, SCV  
  125  10:33  SCV  
  125  10:35  Refinery  
  131  10:37  Sensor Tower, Marauder  
  131  10:38  Barracks Tech Lab  
  133  10:45  Marine x2  
  133  10:48  Marine x2  
  133  10:55  Marine x2  
  133  10:56  SCV x2, Marauder  
  139  10:58  Marauder  
  139  11:02  Marauder  
  141  11:14  Terran Infantry Weapons Level 2  
  141  11:15  Terran Infantry Armor Level 2  
  141  11:25  Marine x2, SCV  
  141  11:26  Marine x2, SCV  
  141  11:27  Marine x2, Marauder  
  141  11:29  Marauder  
  141  11:31  Marine  
  141  11:32  Refinery  
  136  11:36  Refinery  
  121  11:43  Marine  
  121  11:45  Marine  
  118  11:48  Marauder  
  118  11:49  Marauder  
  118  11:50  Planetary Fortress, Marauder  
  118  11:51  SCV x2  
  123  12:03  Marine x7  
  130  12:10  Medivac x2, Marauder x2  
  130  12:11  Marine  
  139  12:21  Marine x4  
  134  12:22  Thor  
  134  12:25  Marine  
  134  12:27  Marine  
  134  12:28  Marine  
  134  12:29  Marine  
  116  12:31  Marine  
  116  12:33  Marine  
  114  12:37  SCV x3  
  114  12:42  Marine x4  
  114  12:43  Marine  
  114  12:44  Medivac x2  
  124  12:45  Marine  
  124  12:48  Factory  
  124  12:49  Supply Depot  
  124  12:50  Marauder x2  
  124  12:51  Marauder  
  133  12:52  SCV x2  
  133  12:55  SCV x2  
  133  12:56  Command Center  
  137  13:04  SCV  
  137  13:11  Marauder  
  124  13:22  SCV x2  
  124  13:23  SCV x2  
  119  13:34  Marine x2, SCV, Marauder x3  
  126  13:36  Factory  
  126  13:39  Marine x3  
  131  13:47  Marine x2  
  133  13:50  Terran Infantry Weapons Level 3  
  133  13:51  Marine  
  133  13:52  Terran Infantry Armor Level 3  
  133  13:55  Marauder  
  136  13:56  Siege Tank  
  136  14:01  Medivac x2  
  143  14:07  Marine x3  
  146  14:11  Marine  
  146  14:12  Marine  
  146  14:13  Bunker  
  147  14:24  Marine x5  
  128  14:38  SCV x2  
  128  14:39  SCV  
  128  14:44  Marine x3  
  131  14:47  SCV  
  131  14:50  SCV x2  
  131  14:51  SCV  
  135  14:58  Marine, Marauder x2  
  135  14:59  SCV  
  141  15:03  SCV x3  
  141  15:04  Marine x2  
  141  15:05  Marine x2  
  148  15:11  SCV  
  149  15:15  SCV x3  
  152  15:23  SCV  
  152  15:27  SCV x2  
  107  15:52  Marine x10  
  112  16:01  Siege Tank  
  115  16:09  Marine  
  115  16:10  Marine x4  
  120  16:21  Marine x2, Marauder x3  
  128  16:27  Liberator x2, Marine  
  128  16:28  Marine x3  
  132  16:33  Siege Tank  
  132  16:38  Planetary Fortress, Marine  
  132  16:39  Marine  
  137  16:42  Marine  
  137  16:43  Marauder  
  142  16:49  Marine  
  142  16:50  Marine x4  
  142  16:51  Marauder  
  149  16:57  Factory, Refinery  
  149  16:58  SCV, Refinery  
  149  16:59  SCV  
  149  17:01  Marine x3  
  152  17:04  Sensor Tower, Marauder  
  152  17:05  Missile Turret  
  152  17:06  Siege Tank  
  152  17:07  Marine x3  
  152  17:08  Marine, Marauder  
  165  17:10  Missile Turret  
  165  17:18  Marauder  
  165  17:20  Factory Tech Lab  
  167  17:25  Marauder  
  167  17:28  Marine  
  172  17:30  Marauder  
  172  17:34  Marine  
  169  17:38  Cyclone  
  169  17:39  Marauder  
  169  17:41  Siege Tank  
  177  17:47  Marauder  
  179  17:56  Hi-Sec Auto Tracking  
  179  18:08  Supply Depot x2  
  179  18:09  Supply Depot  
  179  18:18  Marine x3  
  179  18:28  Marine  
  179  18:29  Marine  
  179  18:30  Siege Tank x2, Marine x5  
  187  18:35  Marine x2  
  189  18:45  Marine  
  183  18:52  Liberator x2  
  183  18:54  Marine  
  172  19:02  Marine  
  158  19:03  Marine x8  
  171  19:12  Marine  
  171  19:14  Siege Tank x2  
  178  19:20  Marine x2  
  180  19:24  Marine x2  
  160  19:37  Marine  
  135  19:49  Marine x2  
  124  19:54  Marine x2  
  124  19:55  Marine x2, Marauder x2  
  124  19:59  Marine, Marauder  
  120  20:07  Marine  
  119  20:13  Marine x2  
  119  20:14  Marine  
  110  20:15  Marine x2  
  110  20:20  Marine  
  110  20:21  Marine x3  
  108  20:23  Medivac x2  
  108  20:24  Marine  
  108  20:27  Starport  
  115  20:31  Marine x3, Fusion Core  
  115  20:32  Supply Depot x2, Marine x2, SCV  
  115  20:33  Supply Depot  
  115  20:35  Terran Ship Weapons Level 1, Starport x2  
  121  20:41  Armory  
  121  20:49  Siege Tank x2  
  127  20:53  Command Center  
  127  20:55  Marine x5, Marauder x3  
  138  20:59  Marine  
  138  21:00  Marine  
  140  21:06  Liberator x2  
  140  21:12  Marine x2  
  140  21:13  Marine  
  140  21:16  Marauder  
  145  21:19  Marine x3  
  145  21:21  Siege Tank  
  145  21:22  Siege Tank  
  126  21:43  Marine  
  106  21:47  Marine  
  106  21:48  Marine x8  
  106  21:53  Siege Tank  
  111  21:57  SCV  
  111  22:00  Marine  
  113  22:02  Refinery  
  113  22:05  Marine  
  113  22:06  Marine x5  
  113  22:07  Refinery  
  101  22:19  Marine  
  85  22:40  Marine x5  
  85  22:41  Marine x5  
  85  22:42  Siege Tank x2  
  96  22:46  Medivac x2  
  96  22:50  SCV  
  99  22:52  Planetary Fortress  
  99  22:57  Marine  
  99  22:58  Marine x4  
  100  22:59  Marine x4, Orbital Command, SCV  
  109  23:11  Marine  
  110  23:14  Siege Tank  
  110  23:15  Marine  
  110  23:16  Marine x3, Medivac  
  110  23:19  Supply Depot  
  118  23:20  SCV  
  118  23:23  Marine x3  
  118  23:24  Marine x2  
  121  23:35  Marine  
  121  23:38  Marine  
  105  23:43  Marine x6  
  105  23:44  Marine x2  
  105  23:45  SCV x5  
  115  23:53  Marine  
  115  23:55  Siege Tank  
  116  23:56  Marine, Factory Tech Lab  
  116  23:57  SCV x2  
  116  24:01  Marine x2  
  121  24:03  Marine  
  121  24:04  Marine x3  
  121  24:05  SCV  
  121  24:09  Marine x2  
  125  24:10  Supply Depot  
  125  24:11  Marine  
  125  24:14  Marine  
  114  24:18  Marine  
  114  24:19  Marine  
  114  24:21  Marine  
  114  24:22  Marine x2  
  112  24:24  Marine  
  112  24:27  Marine x2  
  112  24:29  Marine  
  116  24:32  Marine  
  116  24:36  Marine x2  
  117  24:39  Marine  
  117  24:40  Marine x2  
  117  24:42  Marine  
  117  24:45  Marine x2  
  111  24:47  Marine  
  111  24:50  Marine  
  110  24:54  Marine x2  
  110  24:57  Marine  
  110  24:58  Marine  
  113  25:06  Marine  
  111  25:07  Marine x5  
  111  25:12  Marine x2  
  102  25:15  Marine, SCV x4  
  102  25:16  Marine  
  96  25:24  Marine  
  96  25:25  Marine x5  
  96  25:27  SCV x3  
  103  25:30  Marine  
  97  25:43  Marauder x3  
  99  25:51  SCV x4  
  99  25:54  Siege Tank  
  99  25:55  Marine x2  
  99  25:56  Marine x3  
  111  26:05  Marine  
  111  26:06  Marine, Medivac  
  111  26:07  Medivac  
  106  26:28  Marine  
  106  26:29  Marine  
  96  26:35  Marine x6  
  96  26:36  Marine, SCV  
  96  26:45  Marine  
  96  26:46  Marine  
  97  26:53  Marine x3  
  97  26:54  Marine  
  98  26:57  Medivac x2  
  103  27:03  Marine x2  
  103  27:07  Marine  
  103  27:08  Marine  
  107  27:11  Marine  
  108  27:17  SCV x2  
  108  27:18  Marine  
Show
View Real Time Build Order
Export as new Build Order

PLUSULTRA Zerg 

Build Orders: Hatch First 

Get SALT Encoding   

  12  0:01  Drone  
  13  0:13  Overlord  
  13  0:18  Drone  
  14  0:32  Drone x2  
  16  0:38  Drone  
  17  0:53  Hatchery  
  17  0:55  Drone  
  17  0:59  Drone  
  18  1:13  Extractor  
  18  1:15  Spawning Pool  
  18  1:18  Drone  
  17  1:21  Drone  
  18  1:28  Drone  
  19  1:39  Overlord  
  19  2:01  Queen  
  19  2:03  Zergling x4  
  19  2:05  Queen  
  19  2:08  Drone  
  26  2:16  Drone x2  
  26  2:17  Metabolic Boost  
  28  2:24  Drone  
  28  2:29  Drone  
  30  2:33  Drone  
  31  2:47  Drone x2  
  33  2:51  Queen  
  33  2:55  Drone  
  36  2:59  Overlord  
  36  3:06  Overlord  
  36  3:19  Hatchery  
  35  3:23  Drone x6  
  35  3:24  Drone  
  42  3:33  Queen  
  44  3:38  Zergling x4  
  46  3:44  Zergling x4  
  48  3:54  Zergling x6  
  48  3:55  Zergling x2  
  52  3:56  Overlord x2  
  51  4:07  Zergling x4  
  51  4:11  Drone  
  52  4:20  Drone x4  
  51  4:47  Drone x5, Overlord x2  
  51  4:50  Queen x2  
  51  4:51  Queen  
  51  4:52  Drone x2  
  64  4:53  Zergling x2  
  65  5:02  Drone x3  
  65  5:03  Drone  
  65  5:05  Overlord  
  65  5:07  Roach Warren  
  68  5:10  Extractor  
  68  5:11  Extractor  
  68  5:12  Drone x2  
  68  5:15  Spine Crawler  
  68  5:16  Spore Crawler  
  68  5:19  Spore Crawler  
  68  5:21  Spore Crawler  
  64  5:22  Drone x3  
  67  5:53  Lair  
  65  6:01  Drone x2  
  65  6:02  Drone x4, Extractor  
  65  6:03  Drone x3  
  73  6:17  Hatchery  
  69  6:33  Zergling x2  
  69  6:38  Queen  
  72  6:40  Drone x3  
  72  6:41  Drone  
  72  6:47  Evolution Chamber  
  75  6:48  Evolution Chamber  
  74  7:06  Zergling x12  
  74  7:07  Roach x5  
  74  7:08  Roach  
  87  7:13  Zerg Missile Weapons Level 1, Glial Reconstitution  
  87  7:14  Roach  
  89  7:16  Hatchery  
  89  7:20  Overlord, Roach  
  89  7:21  Overlord x2  
  90  7:28  Queen  
  92  7:30  Roach x2  
  92  7:34  Overlord x4  
  96  7:37  Zerg Ground Armor Level 1  
  96  7:38  Queen x2  
  96  7:40  Hydralisk Den  
  99  7:56  Roach x4  
  99  7:57  Roach x9  
  118  8:13  Drone x5  
  118  8:14  Drone x3, Queen  
  118  8:16  Overseer x2  
  118  8:18  Roach  
  130  8:21  Muscular Augments  
  130  8:25  Roach x4  
  130  8:26  Roach x3  
  144  8:40  Hydralisk x3  
  150  8:42  Overlord  
  150  8:43  Overlord x4  
  150  8:49  Extractor  
  150  8:50  Extractor, Spore Crawler  
  150  8:52  Spine Crawler x2  
  150  8:53  Drone x5  
  118  9:14  Roach  
  118  9:15  Roach x7  
  118  9:16  Roach x7  
  122  9:18  Roach x3  
  122  9:19  Roach  
  126  9:24  Roach x2  
  132  9:31  Roach x2  
  132  9:37  Extractor x2  
  128  9:48  Overseer, Ravager  
  128  9:51  Hydralisk  
  129  9:56  Overseer  
  129  10:09  Hydralisk x3  
  129  10:11  Zergling x10, Overlord x3  
  129  10:12  Overlord x3  
  140  10:16  Drone  
  140  10:17  Drone x6  
  147  10:26  Roach x4  
  147  10:28  Ravager x3  
  153  10:51  Roach x4  
  161  10:59  Hydralisk x2  
  161  11:00  Hydralisk x7  
  179  11:04  Roach x2  
  179  11:09  Drone x6  
  179  11:10  Zergling x6  
  149  11:45  Roach x7, Hydralisk x6  
  149  11:46  Hydralisk x3  
  155  11:47  Roach x2  
  157  11:56  Drone x4  
  157  11:59  Zergling x4, Roach x4  
  165  12:05  Hydralisk x2  
  156  12:33  Hydralisk x5  
  156  12:34  Hydralisk x2  
  156  12:35  Roach x4  
  178  12:41  Infestation Pit  
  177  12:58  Hydralisk x5, Hatchery  
  176  12:59  Zergling x2, Hydralisk x2  
  176  13:00  Zergling x4  
  171  13:22  Hydralisk x6  
  171  13:23  Hydralisk x3  
  171  13:24  Roach x4  
  171  13:31  Roach x3  
  171  13:32  Roach x2  
  181  13:37  Hive  
  181  13:52  Ravager x3  
  181  13:53  Ravager  
  149  14:41  Roach x8, Hydralisk x2  
  149  14:42  Roach x2, Hydralisk x7  
  149  14:43  Hydralisk  
  165  14:47  Zergling x8  
  165  14:48  Zergling x10  
  166  14:53  Roach x8  
  166  14:54  Roach x2  
  166  14:59  Pathogen Glands  
  182  15:00  Infestor  
  184  15:16  Infestor x2  
  188  15:24  Extractor  
  175  15:37  Hatchery  
  136  15:45  Hydralisk x7  
  136  15:46  Roach  
  136  15:47  Roach x4  
  136  15:48  Zerg Missile Weapons Level 2  
  136  15:53  Roach x3  
  122  15:59  Roach x6  
  134  16:14  Roach  
  134  16:15  Zergling x12, Roach x3  
  134  16:16  Zergling x2  
  149  16:25  Zerg Ground Armor Level 2  
  149  16:42  Hydralisk x4  
  149  16:43  Hydralisk x2  
  149  16:44  Roach x6  
  149  16:45  Roach  
  149  16:46  Drone x3  
  178  16:47  Queen  
  180  16:58  Drone  
  180  16:59  Extractor  
  180  17:06  Ravager x5  
  179  17:38  Infestor x3  
  179  17:39  Infestor  
  179  17:43  Drone x2  
  179  17:44  Drone x2  
  187  17:52  Extractor, Hydralisk x5  
  187  17:53  Extractor  
  190  18:25  Hydralisk x7  
  190  18:26  Zergling x2  
  190  18:27  Zergling x6  
  167  19:00  Swarm Host, Hydralisk x3  
  167  19:01  Hydralisk x6  
  167  19:02  Roach x2  
  164  19:03  Roach x8  
  164  19:04  Roach x4  
  164  19:09  Zergling x14  
  185  19:14  Hydralisk x5  
  185  19:15  Zergling x6  
  164  19:42  Zergling x2, Hydralisk x5  
  141  19:53  Hydralisk x7  
  141  19:54  Hydralisk  
  141  19:58  Drone  
  141  19:59  Drone x7  
  148  20:00  Drone x2  
  148  20:05  Hatchery  
  142  20:19  Hydralisk x2  
  142  20:20  Hydralisk x6  
  145  20:21  Roach x4  
  145  20:22  Roach x3  
  145  20:26  Drone  
  145  20:27  Drone x3  
  157  20:40  Roach  
  157  20:41  Roach x5  
  169  20:49  Spire  
  168  20:58  Swarm Host  
  171  21:16  Hydralisk  
  171  21:17  Hydralisk  
  175  21:19  Hatchery  
  175  21:21  Roach x5  
  175  21:22  Roach x4  
  182  21:38  Hydralisk x4  
  182  21:39  Hydralisk x4  
  168  21:44  Zergling x4  
  150  21:55  Roach x6  
  150  21:56  Roach  
  154  22:19  Zergling x2, Hydralisk x3  
  154  22:20  Zergling x14  
  139  22:32  Zergling x6  
  139  22:33  Zergling x10  
  135  22:41  Roach x4  
  135  22:42  Roach x6, Hydralisk x4  
  153  22:52  Roach x6  
  163  23:02  Roach x2  
  167  23:11  Roach x4  
  167  23:12  Roach x5  
  185  23:14  Extractor  
  185  23:18  Swarm Host  
  185  23:19  Roach x2  
  161  23:44  Roach x4, Hydralisk x3  
  161  23:45  Roach x3, Hydralisk x4  
  183  23:52  Zerg Missile Weapons Level 3  
  183  23:53  Roach x2  
  183  23:54  Roach  
  187  23:56  Zergling x6  
  187  23:59  Drone x2  
  192  24:05  Ravager  
  192  24:07  Extractor  
  190  24:15  Infestor, Swarm Host, Mutalisk  
  190  24:16  Roach x3  
  194  24:28  Roach x2  
  167  25:04  Zergling x2  
  167  25:05  Zergling x14  
  167  25:06  Zergling x10  
  172  25:13  Hatchery  
  162  25:19  Hatchery  
  161  25:22  Roach x6  
  161  25:23  Roach x3  
  161  25:27  Roach  
  161  25:28  Roach x6  
  193  25:29  Extractor  
  193  25:35  Extractor  
  121  25:51  Swarm Host  
  121  25:52  Roach x5  
  121  25:53  Roach  
  113  25:59  Roach x2  
  113  26:02  Ravager x5  
  113  26:03  Ravager  
  123  26:11  Hydralisk x2  
  127  26:25  Swarm Host  
  113  26:26  Roach x3  
  100  26:39  Zergling x2, Roach  
  85  26:40  Zergling x16  
  85  26:41  Zergling x2  
  85  26:46  Roach x2  
  93  26:53  Roach x3  
  95  26:55  Roach  
  93  27:01  Roach x2  
  86  27:10  Ravager x4  
Tags
 
Add a new tag
Caveats
  • Supply blocks, unpowered buildings, or Contaminate may cause inaccurate times.
  • Supply counts are checked every 10 seconds.